 Dungeon Crawl Stone Soup version 0.23.2 (webtiles) character file.

Game seed: 1542390129314069822

1514 Illumine the Cleaver (level 8, -6/73 HPs)
             Began as a Deep Dwarf Fighter on Oct 10, 2019.
             Mangled by Grum
             ... wielding a -2 spear
              (7 damage)
             ... on level 8 of the Dungeon.
             The game lasted 00:03:21 (2734 turns).

Illumine the Cleaver (Deep Dwarf Fighter)           Turns: 2734, Time: 00:03:22

Health: -6/73      AC: 14    Str: 24    XL:     8   Next: 53%
Magic:  6/6        EV:  8    Int: 11    God:
Gold:   179        SH:  0    Dex: 12    Spells: 7/7 levels left

rFire    . . .     SeeInvis .   y - +6 battleaxe "Hausynt" {freeze, Int+2}
rCold    . . .     Gourm    .   (shield currently unavailable)
rNeg     + . .     Faith    .   u - +0 plate armour
rPois    .         Spirit   .   t - +0 helmet
rElec    .         Reflect  .   (no cloak)
rCorr    .         Harm     .   o - +0 pair of gloves
MR       +....                  (no boots)
Stlth    ..........             (no amulet)
HPRegen  0.00/turn              s - +2 ring of strength
MPRegen  0.10/turn              p - ring of positive energy

@: non-regenerating, hasted, very quick
A: damage resistance, heal wounds, sense surroundings 1, no regeneration
a: Heal Wounds


You were on level 8 of the Dungeon.
You were not hungry.

You visited 2 branches of the dungeon, and saw 8 of its levels.

You collected 179 gold pieces.

Inventory:

Hand Weapons
 a - a +0 war axe
 y - the +6 battleaxe "Hausynt" (weapon) {freeze, Int+2}
   (You found it on level 6 of the Dungeon)

   It has been specially enchanted to freeze those struck by it, causing extra
   injury to most foes and up to half again as much damage against particularly
   susceptible opponents.
   It can also slow down cold-blooded creatures.
   It affects your intelligence (+2).
Armour
 b - a +0 scale mail
 c - a +0 shield
 o - a +0 pair of gloves (worn)
 t - a +0 helmet (worn)
 u - a +0 plate armour (worn)
Jewellery
 j - an uncursed ring of resist corrosion
 p - a ring of positive energy (right hand)
 s - a +2 ring of strength (left hand)
Wands
 l - a wand of scattershot (7)
 r - a wand of iceblast (13)
 C - a wand of enslavement (4)
Scrolls
 e - 2 scrolls of remove curse
 g - a scroll of amnesia {unknown}
 h - 2 scrolls of identify
 i - 2 scrolls of fear {unknown}
 n - a scroll of blinking {unknown}
 q - a scroll of enchant armour {unknown}
 x - a scroll of magic mapping {unknown}
 B - a scroll of noise {unknown}
Potions
 m - a potion of invisibility {unknown}
 v - a potion of lignification {unknown}
 w - a potion of heal wounds {unknown}
 z - a potion of mutation {unknown}
 A - a potion of curing {unknown}
Comestibles
 f - 5 rations


   Skills:
 + Level 4.4 Fighting
 * Level 8.3 Axes
 + Level 5.4 Armour
 + Level 4.0 Dodging
 - Level 5.3 Shields


You had 7 spell levels left.
You didn't know any spells.
Your spell library contained the following spells:

 Spells                   Type           Power        Failure   Level  Hunger
 Magic Dart               Conj           #...         99%         1    ##.....
 Searing Ray              Conj           #.....       100%        2    ###....
 Dazzling Spray           Conj/Hex       #.....       100%        3    ####...
 Force Lance              Conj/Tloc      #.......     100%        4    #####..
 Fulminant Prism          Conj/Hex       #.........   100%        4    #####..
 Iskenderun's Mystic Bla  Conj           #.......     100%        4    #####..


Dungeon Overview and Level Annotations

Branches:
Dungeon (6/15)             Temple (1/1) D:5

Altars:
Ashenzari
Elyvilon
Fedhas
Gozag
Hepliaklqana
Kikubaaqudgha
Okawaru
Qazlal
Ru
Sif Muna
Trog
Uskayaw
Vehumet
Wu Jian
Xom
Zin
The Shining One

Shops:
D:5 ?!}!

Annotations:
D:8 Grum


Innate Abilities, Weirdness & Mutations

You are resistant to damage.
You can heal yourself by infusing magical energy.
You passively map a small area around you.
You do not regenerate.


Message History

Grum barely misses you.
Your plate armour prevents you from hitting Grum.
Grum barely misses you. Grum hits you but does no damage.
You hit Grum. You freeze Grum.
Grum is lightly wounded.
Grum hits you with a -2 spear!
* * * LOW HITPOINT WARNING * * *
Grum hits you with a -2 spear.
* * * LOW HITPOINT WARNING * * *
Unknown command.
It was a potion of haste.
You feel yourself speed up. Grum barely misses you.
Okay, then.
Okay, then.
You slash Grum! You freeze Grum.
Grum is moderately wounded.
Grum barely misses you.
You slice Grum!! You freeze Grum!
Grum is severely wounded.
Grum hits you with a -2 spear!
You die...

* ,* , #######.##.######.#
,................#.# * *
.#########.##.####.#. ,
.........#.##.#.. , ,
.#.##########..........
#.#
......h..hh##..........
#.#
##....####h##..........
#.# ..... * #g##.#.......#
#.# * ##.. ,
#@##.#######.# #.# #. ,*
#.##.# #.# #.# #
#.##.#######.# #.#
,*###.##.........# #.# , ,
*#.........####.###.. ,* *
#...................
,#####..........###.#####
,,........................
, ######.#......#########


You could see Grum (berserk) and 3 wolves.

Vanquished Creatures
  A two-headed ogre (D:8)
  An ice beast (D:5)
  A black bear (D:8)
  A wolf (D:8)
  A centaur (D:6)
  A bullfrog (D:6)
  A scorpion (D:6)
  A hound (D:4)
  5 orc wizards
  An iguana (D:4)
  3 worker ants (D:4)
  9 gnolls
  An adder (D:3)
  An adder skeleton (D:6)
  A dart slug (D:1)
  3 worms
  2 leopard geckos (D:5)
  14 orcs
  A ball python (D:1)
  5 bats
  4 giant cockroaches
  3 goblins
  6 hobgoblins
  5 jackals
  4 kobolds
  7 frilled lizards
  A jackal zombie (D:2)
  5 rats
89 creatures vanquished.

Notes
Turn   | Place    | Note
-------+----------+-------------------------------------------
     0 | D:1      | Illumine the Deep Dwarf Fighter began the quest for the
                  | Orb.
     0 | D:1      | Reached XP level 1. HP: 20/20 MP: 1/1
   144 | D:1      | Reached XP level 2. HP: 22/27 MP: 2/2
   281 | D:1      | Reached skill level 3 in Axes
   462 | D:1      | Reached XP level 3. HP: 28/33 MP: 3/3
   625 | D:3      | Reached skill level 4 in Axes
   648 | D:3      | Reached XP level 4. HP: 23/40 MP: 4/4
   781 | D:4      | Reached XP level 5. HP: 39/46 MP: 4/4
   808 | D:4      | Reached skill level 5 in Axes
   914 | D:4      | Found a shimmering altar of Xom.
  1033 | D:4      | Reached skill level 5 in Shields
  1033 | D:4      | Reached XP level 6. HP: 38/55 MP: 4/4
  1229 | D:5      | Entered Level 5 of the Dungeon
  1289 | D:5      | Found a staircase to the Ecumenical Temple.
  1362 | D:5      | Found Hos Mugg's Magic Scroll Shoppe.
  1386 | D:5      | Found Unasated's Distillery.
  1395 | Temple   | Entered the Ecumenical Temple
  1637 | D:5      | Noticed an ice beast
  1646 | D:5      | Killed an ice beast
  1646 | D:5      | Reached skill level 6 in Axes
  1677 | D:5      | Found a stormy altar of Qazlal.
  1682 | D:5      | Found Liwuets's Distillery.
  1693 | D:5      | Reached skill level 1 in Dodging
  1752 | D:5      | Found Xyefoath's Gadget Boutique.
  2046 | D:6      | Got a jewelled battleaxe
  2048 | D:6      | Identified the +6 battleaxe "Hausynt" {freeze, Int+2} (You
                  | found it on level 6 of the Dungeon)
  2121 | D:6      | Reached XP level 7. HP: 43/62 MP: 5/5
  2199 | D:6      | You fall through a shaft for 2 floors!
  2386 | D:8      | Found a bloodstained altar of Trog.
  2388 | D:8      | Found a deep blue altar of Sif Muna.
  2388 | D:8      | Found an opulent altar of Gozag.
  2389 | D:8      | Found a blossoming altar of Fedhas.
  2389 | D:8      | Found a shimmering altar of Xom.
  2393 | D:8      | Noticed a two-headed ogre
  2399 | D:8      | Killed a two-headed ogre
  2399 | D:8      | Reached skill level 8 in Axes
  2399 | D:8      | Reached skill level 5 in Armour
  2399 | D:8      | Reached XP level 8. HP: 19/73 MP: 6/6
  2715 | D:8      | Noticed Grum
  2726 | D:8      | HP: 3/73 [Grum/-2 spear (11)]
  2726 | D:8      | HP: 1/73 [Grum/-2 spear (2)]
  2734 | D:8      | Mangled by Grum

Skill      XL: |  1  2  3  4  5  6  7  8 |
---------------+-------------------------+-----
Axes           | 3 4 5 6 8 |  8.3
Shields        | 4 5 |  5.3
Dodging        | 1 3 4 |  4.0
Fighting       | 3 4 |  4.4
Armour         | 5 |  5.4

Action                   |  1- 3 |  4- 6 |  7- 9 || total
-------------------------+-------+-------+-------++-------
Melee: War axe           |    82 |   104 |       ||   186
       Battleaxe         |       |     5 |    36 ||    41
 Abil: Heal Wounds       |     1 |     5 |     2 ||     8
  Use: Scroll            |       |     2 |       ||     2
       Potion            |       |       |     2 ||     2
  Eat: Chunk             |       |     4 |     2 ||     6
Armor: Scale mail        |    46 |    40 |       ||    86
       Plate armour      |       |    28 |    20 ||    48
Dodge: Dodged            |    37 |    39 |    22 ||    98
Block: Shield            |    66 |    65 |       ||   131
